 Dungeon Crawl Stone Soup version 0.24-a0-652-g46ecf6da75 (webtiles) character file.

Game seed: 17929196424654126557, levelgen mode: deterministic

144 Gynju the Magician (level 5, -1/28 HPs)
             Began as a Deep Elf Wizard on Sept 26, 2019.
             Slain by Grinder (4 damage)
             ... on level 2 of the Dungeon.
             The game lasted 00:03:26 (2593 turns).

Gynju the Magician (Deep Elf Wizard)                Turns: 2593, Time: 00:03:27

Health: -1/28      AC:  3    Str:  4    XL:     5   Next: 5%
Magic:  1/15       EV: 13    Int: 24    God:
Gold:   94         SH:  0    Dex: 13    Spells: 11/16 levels left

rFire    . . .     SeeInvis .   m - +5 club
rCold    . . .     Gourm    .   (no shield)
rNeg     . . .     Faith    .   a - +0 robe
rPois    .         Spirit   .   q - +0 helmet (curse)
rElec    .         Reflect  .   (no cloak)
rCorr    +         Harm     +   (no gloves)
MR       .....                  (no boots)
Stlth    ++........             h - amulet of harm
HPRegen  0.09/turn              k - ring of flight
MPRegen  0.14/turn              n - ring of resist corrosion

@: no status effects
A: no striking features
a: Evoke Flight


You were on level 2 of the Dungeon.
You were not hungry.

You visited 1 branch of the dungeon, and saw 3 of its levels.

You collected 94 gold pieces.

Inventory:

Hand Weapons
 m - a +5 club (weapon)
Armour
 a - a +0 robe (worn)
 q - a cursed +0 helmet (worn)
Jewellery
 h - an amulet of harm (around neck)
 k - a ring of flight (left hand)
 n - a ring of resist corrosion (right hand)
Scrolls
 c - a scroll of magic mapping {unknown}
 e - 3 scrolls of teleportation {unknown}
 f - a scroll of remove curse {unknown}
 g - 2 scrolls of enchant weapon {unknown}
 i - 2 scrolls of identify {unknown}
 j - 2 scrolls of enchant armour {unknown}
Potions
 b - a potion of haste {unknown}
 l - a potion of brilliance {unknown}
 o - 2 potions of mutation {unknown}
 p - a potion of lignification {unknown}
Comestibles
 d - 4 rations


   Skills:
 - Level 2.4 Dodging
 - Level 2.4 Stealth
 + Level 6.4 Spellcasting
 + Level 3.8 Conjurations
 - Level 1.1 Summonings
 - Level 1.1 Translocations


You had 11 spell levels left.
You knew the following spells:

 Your Spells              Type           Power        Failure   Level  Hunger
a - Magic Dart            Conj           ####         1%          1    None
b - Blink                 Tloc           N/A          8%          2    None
c - Call Imp              Summ           ##......     8%          2    None

Your spell library contained the following spells:

 Spells                   Type           Power        Failure   Level  Hunger
 Conjure Flame            Conj/Fire      ###.....     11%         3    None
 Slow                     Hex            #.......     12%         2    None
 Mephitic Cloud           Conj/Pois/Air  ##......     14%         3    None


Dungeon Overview and Level Annotations

Branches:
Dungeon (3/15)

Altars:
Qazlal

Annotations:
D:2 Grinder


Message History

The magic dart hits Grinder.
Grinder is heavily wounded.
Grinder gestures at you.
You shrug off the repeated paralysis!
Unknown command.
Grinder gestures at you.
You shrug off the repeated paralysis!
You hit Grinder but do no damage.
Grinder is heavily wounded.
Grinder closely misses you. x2
You closely miss Grinder.
Grinder is heavily wounded.
Grinder barely misses you.
You hit Grinder.
Grinder is severely wounded.
Grinder closely misses you.
You hit Grinder.
Grinder is severely wounded.
Grinder barely misses you. Grinder hits you.
You die...

#..#.# #.....(......
#..#.# #.####.###.(#
#..#.####.####.# #...
#..............###.##
#....................
#....########.####.##
###....# #......#
#......#############.##
#.#..>@5...............
#.........#######.##.##
###.##.##.# #.##.##
#......#.# #.#....
##.##..#.#######....#.
#.##..#.......#....#.
#.###########.#....#.
##...........#.##...#.
#...########.#.##...##


You could see Grinder.

Vanquished Creatures
  Natasha (twice) (D:3)
  Robin (D:2)
  3 adders (D:2)
  A worm (D:2)
  3 leopard geckos
  A giant cockroach (D:1)
  10 goblins
  7 hobgoblins
  2 jackals (D:2)
  4 quokkas (D:2)
  2 bats (D:1)
  4 frilled lizards
  5 kobolds
  4 rats
49 creatures vanquished.

Notes
Turn   | Place    | Note
-------+----------+-------------------------------------------
     0 | D:1      | Gynju the Deep Elf Wizard began the quest for the Orb.
     0 | D:1      | Reached XP level 1. HP: 10/10 MP: 7/7
   276 | D:1      | Reached XP level 2. HP: 15/15 MP: 5/9
   913 | D:2      | Reached skill level 5 in Spellcasting
  1029 | D:2      | Reached XP level 3. HP: 17/19 MP: 4/11
  1735 | D:2      | Reached XP level 4. HP: 24/24 MP: 5/13
  1885 | D:2      | Learned a level 2 spell: Blink
  1895 | D:2      | Learned a level 2 spell: Call Imp
  1976 | D:2      | Found a stormy altar of Qazlal.
  2144 | D:3      | Noticed Natasha
  2199 | D:3      | Noticed Robin
  2199 | D:3      | Noticed Grinder
  2210 | D:2      | Killed Robin
  2411 | D:3      | Killed Natasha
  2411 | D:3      | Reached skill level 6 in Spellcasting
  2479 | D:3      | Noticed Natasha
  2485 | D:3      | Killed Natasha
  2487 | D:3      | Reached XP level 5. HP: 17/28 MP: 6/15
  2577 | D:2      | Paralysed by Grinder for 4 turns
  2582 | D:2      | Paralysed by Grinder for 6 turns
  2593 | D:2      | Slain by Grinder

Levels and vault maps discovered:
D:1:      tarquinn_simple_flora_water_b, layout_loops_ring
D:2:      layout_basic, marbit_many_paths
D:3:      layout_rooms, st_stairs_1, uniq_grinder, uniq_robin, uniq_terence,
          uniq_natasha

Skill      XL: |  1  2  3  4 |
---------------+-------------+-----
Conjurations   | 2 3 |  3.8
Spellcasting   | 5 6 |  6.4
Dodging        | |  2.4
Stealth        | |  2.4
Summonings     | |  1.1
Translocations | |  1.1

Action                   |  1- 3 |  4- 6 || total
-------------------------+-------+-------++-------
Melee: Club              |       |     6 ||     6
 Cast: Magic Dart        |    90 |    53 ||   143
  Eat: Chunk             |     2 |       ||     2
       Ration            |       |     1 ||     1
Armor: Robe              |     1 |     5 ||     6
Dodge: Dodged            |     4 |    23 ||    27

Table legend:
 A = Non-vault XP
 B = Vault XP
 C = Vault XP percentage of total XP
 D = Non-vault monster count
 E = Vault monster count
 F = Vault count percentage of total count
                 A         B        C        D         E       F
            +---------+---------+-------+---------+---------+-------
      Total |     137 |      69 |  33.5 |      37 |      12 |  24.5
            +---------+---------+-------+---------+---------+-------
        D:1 |      22 |       0 |   0.0 |      13 |       0 |   0.0
        D:2 |      75 |      21 |  21.9 |      21 |       4 |  16.0
        D:3 |      40 |      48 |  54.5 |       3 |       8 |  72.7
            +---------+---------+-------+---------+---------+-------
